3AAA
HAMILTON COYOTES @ BRINKLEY BELUGAS
08/22/2023
 
TOP OF THE 1ST
Hamilton Coyotes batting - Pitching for Brinkley Belugas : LHP Harvey Richards
Pitching: LHP Harvey Richards
Batting: RHB Francisco Morales 0-0: Called Strike
0-1: Foul Ball, location: 2F
0-2: Fly out, F6 (Popup, 6M)
Batting: RHB Carlos Mercado 0-0: Called Strike
0-1: Ball
1-1: Ground out 4-3 (Groundball, 34)
Batting: RHB Héctor Rojas 0-0: Swinging Strike
0-1: Ball
1-1: Ball
2-1: Foul Ball, location: 2F
2-2: SINGLE (Groundball, 56D)
Batting: LHB Ralph Dunford 0-0: Ground out 6-3 (Groundball, 6)
Top of the 1st over - 0 run(s), 1 hit(s), 0 error(s), 1 left on base; Hamilton 0 - Brinkley 0
BOTTOM OF THE 1ST
Brinkley Belugas batting - Pitching for Hamilton Coyotes : LHP Earl Brown
Pitching: LHP Earl Brown
Batting: LHB Eric Porter 0-0: Called Strike
0-1: Ball
1-1: Ball
2-1: Foul Ball, location: 2F
2-2: Foul Ball, location: 2F
2-2: Ball
3-2: Foul Ball, location: 2F
3-2: Ground out U3 (Groundball, 3S)
Batting: RHB Henry Cameron 0-0: Ball
1-0: Ball
2-0: Ball
3-0: Base on Balls
Batting: SHB Bernardo Hernández 0-0: Ball
1-0: Fly out, F6 (Line Drive, 6)
Batting: RHB Reggie Kahn 0-0: Ball
1-0: Ball
2-0: Called Strike
2-1: Ball
3-1: Base on Balls
Henry Cameron to second
Batting: RHB Alfonso Enríquez 0-0: Ball
1-0: Ball
2-0: Ball
3-0: Base on Balls
Henry Cameron to third
Reggie Kahn to second
Batting: RHB Arturo Read 0-0: Ball
1-0: Ball
2-0: Foul Ball, location: 2F
2-1: Ball
3-1: Base on Balls
Henry Cameron scores
Reggie Kahn to third
Alfonso Enríquez to second
Batting: RHB Pablo Alyala 0-0: Ball
1-0: Called Strike
1-1: Ball
2-1: Fly out, F6 (Popup, 6M)
Bottom of the 1st over - 1 run(s), 0 hit(s), 0 error(s), 3 left on base; Hamilton 0 - Brinkley 1
TOP OF THE 2ND
Hamilton Coyotes batting - Pitching for Brinkley Belugas : LHP Harvey Richards
Batting: RHB Stan Pierce 0-0: Called Strike
0-1: Ball
1-1: Called Strike
1-2: Strikes out swinging
Batting: RHB Jack O'Brien 0-0: Called Strike
0-1: Foul Ball, location: 2F
0-2: Ball
1-2: Ball
2-2: Ball
3-2: Base on Balls
Batting: RHB Monty Sharp 0-0: Ball
1-0: SINGLE (Line Drive, 7LS)
Jack O'Brien to second
Batting: LHB Tony Ríos 0-0: Ball
1-0: Ball
2-0: Ball
3-0: Foul Ball, location: 2F
3-1: Foul Ball, location: 2F
3-2: Foul Ball, location: 2F
3-2: SINGLE (Groundball, 56D)
Jack O'Brien to third
Monty Sharp to second
Batting: RHB Rodrigo Pagán 0-0: Ball
Wild Pitch!
Jack O'Brien scores
Monty Sharp to third
Tony Ríos to second
1-0: Ground out 6-3 (Groundball, 6)
Monty Sharp scores
Tony Ríos to third
Batting: RHB Francisco Morales 0-0: Ball
1-0: Fly out, F9 (Flyball, 89D)
Top of the 2nd over - 2 run(s), 2 hit(s), 0 error(s), 1 left on base; Hamilton 2 - Brinkley 1
BOTTOM OF THE 2ND
Brinkley Belugas batting - Pitching for Hamilton Coyotes : LHP Earl Brown
Batting: RHB Lane Rich 0-0: Ground out 6-3 (Groundball, 6)
Batting: LHB Roberto Marino 0-0: Called Strike
0-1: Ground out 4-3 (Groundball, 4)
Batting: LHB Eric Porter 0-0: Ball
1-0: Foul Ball, location: 2F
1-1: Foul Ball, location: 2F
1-2: Ball
2-2: Foul Ball, location: 2F
2-2: Foul Ball, location: 2F
2-2: Fly out, F4 (Popup, 3D)
Bottom of the 2nd over - 0 run(s), 0 hit(s), 0 error(s), 0 left on base; Hamilton 2 - Brinkley 1
TOP OF THE 3RD
Hamilton Coyotes batting - Pitching for Brinkley Belugas : LHP Harvey Richards
Batting: RHB Carlos Mercado 0-0: Called Strike
0-1: Called Strike
0-2: Ball
1-2: Foul Ball, location: 2F
1-2: Ball
2-2: Ground out 6-3 (Groundball, 6)
Batting: RHB Héctor Rojas 0-0: Foul Ball, location: 2F
0-1: Ball
1-1: Ball
2-1: Foul Ball, location: 2F
2-2: Foul Ball, location: 2F
2-2: Foul Ball, location: 2F
2-2: Ball
3-2: SINGLE (Groundball, 34D) (infield hit)
Batting: LHB Ralph Dunford 0-0: Ball
1-0: Ball
2-0: Called Strike
2-1: Fly out, F8 (Flyball, 8RM)
Batting: RHB Stan Pierce 0-0: Called Strike
0-1: Ball
1-1: Fly out, F3 (Popup, 3SF)
Top of the 3rd over - 0 run(s), 1 hit(s), 0 error(s), 1 left on base; Hamilton 2 - Brinkley 1
BOTTOM OF THE 3RD
Brinkley Belugas batting - Pitching for Hamilton Coyotes : LHP Earl Brown
Batting: RHB Henry Cameron 0-0: Called Strike
0-1: SINGLE (Groundball, 6M)
Pitching: LHP Grant Woods
Batting: SHB Bernardo Hernández 0-0: Ball
1-0: Swinging Strike
1-1: Fly out, F9 (Flyball, 9LM)
Batting: RHB Reggie Kahn 0-0: Ball
1-0: Called Strike
1-1: Foul Ball, location: 2F
1-2: Ball
2-2: SINGLE (Groundball, 5D)
Henry Cameron to second
Batting: RHB Alfonso Enríquez 0-0: Called Strike
0-1: Ball
1-1: Foul Ball, location: 2F
1-2: Fly out, F8 (Flyball, 78XD)
Runner from 2nd tags up, SAFE at 3rd, no throw
Batting: RHB Arturo Read 0-0: Ball
1-0: Foul Ball, location: 2F
1-1: Ball
2-1: Fly out, F7 (Flyball, 7M)
Bottom of the 3rd over - 0 run(s), 2 hit(s), 0 error(s), 2 left on base; Hamilton 2 - Brinkley 1
TOP OF THE 4TH
Hamilton Coyotes batting - Pitching for Brinkley Belugas : LHP Harvey Richards
Batting: RHB Jack O'Brien 0-0: Ball
1-0: Ball
2-0: Foul Ball, location: 2F
2-1: Called Strike
2-2: Foul Ball, location: 2F
2-2: Ground out 5-3 (Groundball, 5)
Batting: RHB Monty Sharp 0-0: Foul Ball, location: 2F
0-1: Called Strike
0-2: Ball
1-2: SINGLE (Line Drive, 7LS)
Batting: LHB Tony Ríos 0-0: Fly out, F3 (Line Drive, 3)
0-0: Lined into DP, U3 (Line Drive, 3)
Top of the 4th over - 0 run(s), 1 hit(s), 0 error(s), 0 left on base; Hamilton 2 - Brinkley 1
BOTTOM OF THE 4TH
Brinkley Belugas batting - Pitching for Hamilton Coyotes : LHP Grant Woods
Batting: RHB Pablo Alyala 0-0: Swinging Strike
0-1: Ball
1-1: Swinging Strike
1-2: Ball
2-2: Strikes out looking
Batting: RHB Lane Rich 0-0: Ball
1-0: Fly out, F9 (Flyball, 89M)
Batting: LHB Roberto Marino 0-0: Ball
1-0: Called Strike
1-1: Ground out U3 (Groundball, 3)
Bottom of the 4th over - 0 run(s), 0 hit(s), 0 error(s), 0 left on base; Hamilton 2 - Brinkley 1
TOP OF THE 5TH
Hamilton Coyotes batting - Pitching for Brinkley Belugas : LHP Harvey Richards
Batting: RHB Rodrigo Pagán 0-0: Foul Ball, location: 2F
0-1: SINGLE (Groundball, 5)
Batting: RHB Francisco Morales 0-0: Sac Bunt - play at first, batter OUT! 5-4
Rodrigo Pagán to second
Batting: RHB Carlos Mercado 0-0: Ball
1-0: Ground out 4-3 (Groundball, 4)
Rodrigo Pagán to third
Batting: RHB Héctor Rojas 0-0: Called Strike
0-1: Ground out 4-3 (Groundball, 4)
Top of the 5th over - 0 run(s), 1 hit(s), 0 error(s), 1 left on base; Hamilton 2 - Brinkley 1
BOTTOM OF THE 5TH
Brinkley Belugas batting - Pitching for Hamilton Coyotes : LHP Grant Woods
Batting: LHB Eric Porter 0-0: Fly out, F9 (Flyball, 9D)
Batting: RHB Henry Cameron 0-0: Fly out, F8 (Flyball, 8RM)
Batting: SHB Bernardo Hernández 0-0: Ball
1-0: Called Strike
1-1: Fly out, F3 (Popup, 34)
Bottom of the 5th over - 0 run(s), 0 hit(s), 0 error(s), 0 left on base; Hamilton 2 - Brinkley 1
TOP OF THE 6TH
Hamilton Coyotes batting - Pitching for Brinkley Belugas : LHP Harvey Richards
Batting: LHB Ralph Dunford 0-0: Called Strike
0-1: Ball
1-1: Swinging Strike
1-2: Ball
2-2: Fly out, F7 (Flyball, 7M)
Batting: RHB Stan Pierce 0-0: Called Strike
0-1: Ball
1-1: Ground out 6-3 (Groundball, 6)
Batting: RHB Jack O'Brien 0-0: SINGLE (Line Drive, 6M)
Batting: RHB Monty Sharp 0-0: Ball
1-0: Ball
2-0: Foul Ball, location: 2F
2-1: Foul Ball, location: 2F
2-2: Strikes out looking
Top of the 6th over - 0 run(s), 1 hit(s), 0 error(s), 1 left on base; Hamilton 2 - Brinkley 1
BOTTOM OF THE 6TH
Brinkley Belugas batting - Pitching for Hamilton Coyotes : LHP Grant Woods
Batting: RHB Reggie Kahn 0-0: Swinging Strike
0-1: Foul Ball, location: 2F
0-2: Ball
1-2: SINGLE (Groundball, 6M)
Batting: RHB Alfonso Enríquez 0-0: Ball
1-0: Foul Ball, location: 2F
1-1: Called Strike
1-2: Fly out, F7 (Line Drive, 78M)
Batting: RHB Arturo Read 0-0: Foul Ball, location: 2F
0-1: Ball
1-1: Ball
2-1: Grounds into double play, 3-6-1 (Groundball, 3)
Bottom of the 6th over - 0 run(s), 1 hit(s), 0 error(s), 0 left on base; Hamilton 2 - Brinkley 1
TOP OF THE 7TH
Hamilton Coyotes batting - Pitching for Brinkley Belugas : LHP Harvey Richards
Batting: LHB Tony Ríos 0-0: Called Strike
0-1: Swinging Strike
0-2: Ball
1-2: Strikes out swinging
Batting: RHB Rodrigo Pagán 0-0: Ball
1-0: Ball
2-0: SINGLE (Line Drive, 9LS)
Pitching: RHP Alonso Cruz
Pinch Hitting: LHB Lance Schiffer 0-0: Ball
Rodrigo Pagán is caught stealing 2nd base
1-0: Fly out, F9 (Line Drive, 9M)
Top of the 7th over - 0 run(s), 1 hit(s), 0 error(s), 0 left on base; Hamilton 2 - Brinkley 1
BOTTOM OF THE 7TH
Brinkley Belugas batting - Pitching for Hamilton Coyotes : LHP Grant Woods
Now in CF: Lance Schiffer
Batting: RHB Pablo Alyala 0-0: Swinging Strike
0-1: Foul Ball, location: 2F
0-2: Foul Ball, location: 2F
0-2: Ground out 5-3 (Groundball, 56S)
Batting: RHB Lane Rich 0-0: Ball
1-0: Ball
2-0: Called Strike
2-1: Swinging Strike
2-2: SINGLE (Line Drive, 8LS)
Pitching: RHP Júlio Villegas
Pinch Hitting: LHB Mike Cook 0-0: Called Strike
Lane Rich is caught stealing 2nd base
0-1: Swinging Strike
0-2: Ball
1-2: SINGLE (Line Drive, 8RS)
Pinch Runner at 1st Jaime López:
Batting: LHB Eric Porter 0-0: Ground out U3 (Groundball, 3L)
Bottom of the 7th over - 0 run(s), 2 hit(s), 0 error(s), 1 left on base; Hamilton 2 - Brinkley 1
TOP OF THE 8TH
Hamilton Coyotes batting - Pitching for Brinkley Belugas : RHP Alonso Cruz
Now in RF: Jaime López
Batting: RHB Carlos Mercado 0-0: Called Strike
0-1: DOUBLE (Line Drive, 5D)
Batting: RHB Héctor Rojas 0-0: Ball
1-0: Ball
2-0: Foul Ball, location: 2F
2-1: Ground out 1-3 (Groundball, 13S)
Carlos Mercado to third
Batting: LHB Ralph Dunford 0-0: Intentional Walk
Batting: RHB Stan Pierce 0-0: Ball
1-0: Foul Ball, location: 2F
1-1: Foul Ball, location: 2F
1-2: DOUBLE (Line Drive, 5D)
Carlos Mercado scores
Ralph Dunford to third
Batting: RHB Jack O'Brien 0-0: Foul Ball, location: 2F
0-1: Foul Ball, location: 2F
0-2: Ball
1-2: Foul Ball, location: 2F
1-2: Ball
2-2: Fly out, F8 (Flyball, 8LS)
Batting: RHB Monty Sharp 0-0: Called Strike
0-1: SINGLE (Popup, 9LS)
Ralph Dunford scores
Stan Pierce to third
Runner from 3rd tries for Home, SAFE, no throw or cutoff
Pitching: RHP Hubert Dunham
Batting: LHB Tony Ríos 0-0: Fly out, F5 (Popup, 15S)
Top of the 8th over - 3 run(s), 3 hit(s), 0 error(s), 1 left on base; Hamilton 5 - Brinkley 1
BOTTOM OF THE 8TH
Brinkley Belugas batting - Pitching for Hamilton Coyotes : RHP Júlio Villegas
Batting: RHB Henry Cameron 0-0: Ball
1-0: Ball
2-0: Called Strike
2-1: Ground out 6-3 (Groundball, 6)
Batting: SHB Bernardo Hernández 0-0: Ball
1-0: Ball
2-0: Foul Ball, location: 2F
2-1: Fly out, F8 (Line Drive, 8LS)
Batting: RHB Reggie Kahn 0-0: Ball
1-0: Fly out, F8 (Flyball, 8LS)
Bottom of the 8th over - 0 run(s), 0 hit(s), 0 error(s), 0 left on base; Hamilton 5 - Brinkley 1
TOP OF THE 9TH
Hamilton Coyotes batting - Pitching for Brinkley Belugas : RHP Hubert Dunham
Batting: RHB Rodrigo Pagán 0-0: Fly out, F8 (Flyball, 8RM)
Batting: LHB Lance Schiffer 0-0: Ball
1-0: Foul Ball, location: 2F
1-1: Ball
2-1: Ball
3-1: Foul Ball, location: 2F
3-2: Base on Balls
Batting: RHB Carlos Mercado 0-0: Ball
1-0: Foul Ball, location: 2F
1-1: Called Strike
Lance Schiffer is caught stealing 2nd base
1-2: Ball
2-2: Ball
3-2: Foul Ball, location: 2F
3-2: Fly out, F7 (Flyball, 78M)
Top of the 9th over - 0 run(s), 0 hit(s), 0 error(s), 0 left on base; Hamilton 5 - Brinkley 1
BOTTOM OF THE 9TH
Brinkley Belugas batting - Pitching for Hamilton Coyotes : RHP Júlio Villegas
Pitching: RHP Jim Unknown
Batting: RHB Alfonso Enríquez 0-0: Ground out 6-3 (Groundball, 6)
Batting: RHB Arturo Read 0-0: Foul Ball, location: 2F
0-1: Ball
1-1: Called Strike
1-2: Fly out, F9 (Flyball, 89M)
Batting: RHB Pablo Alyala 0-0: Ball
1-0: Fly out, F7 (Flyball, 7LD)
Bottom of the 9th over - 0 run(s), 0 hit(s), 0 error(s), 0 left on base; Hamilton 5 - Brinkley 1
This league is powered by Out of the Park Baseball, the baseball management simulation game for PC, Mac and Linux
Friday, July 8th, 2016 - OOTP Baseball 16.9 Build 39